 Dungeon Crawl Stone Soup version 0.16.0-1-gbc1383b (console) character file.

35 gw the Poker (level 3, 0/28 HPs)
             Began as a Merfolk Gladiator on Mar 13, 2015.
             Succumbed to an adder's poison
             ... on level 2 of the Dungeon.
             The game lasted 00:00:39 (721 turns).

gw the Poker (Merfolk Gladiator)                     Turns: 721, Time: 00:00:39

Health: 0/28       AC:  6    Str: 15    XL:     3   Next: 35%
Magic:  3/3        EV: 12    Int:  7    God:
Gold:   78         SH:  0    Dex: 15    Spells: 0 memorised, 2 levels left

rFire  . . .     SeeInvis .     a - +1 trident
rCold  . . .     Clarity  .     e - +0 ring mail
rNeg   . . .     SustAb   .     (no shield)
rPois  .         Gourm    .     c - +0 helmet
rElec  .         Spirit   .     (no cloak)
rCorr  .         Warding  .     (no gloves)
rMut   .         Stasis   .     (no boots)
MR     .....                    (no amulet)
Stlth  +.........               (no ring)
                                (no ring)

@: lethally poisoned (0 -> -6), not resistant to hostile enchantments, very
unstealthy
A: change form in water, swift swim
a: no special abilities


You were on level 2 of the Dungeon.
You were not hungry.

You visited 1 branch of the dungeon, and saw 2 of its levels.

You collected 78 gold pieces.

Inventory:

Hand weapons
 a - a +1 trident (weapon)
Missiles
 d - 3 throwing nets
 g - 2 stones (quivered)
 l - 6 poisoned needles
Armour
 c - a +0 helmet (worn)
 e - a +0 ring mail (worn)
Comestibles
 b - a meat ration
 f - a bread ration


   Skills:
 + Level 2.4 Fighting
 * Level 5.5 Polearms
 + Level 2.3 Throwing
 + Level 4.2 Dodging


You had 2 spell levels left.
You didn't know any spells.

Dungeon Overview and Level Annotations

Branches:
Dungeon (2/15)

Altars:


Message History

You are lethally poisoned!
The adder poisons you!
Unknown command.
Unknown command.
Unknown command.
Unknown command.
ATTACKING (-1,0)
You puncture the goblin!!
You kill the goblin!
You feel sick.
The giant gecko bites you but does no damage.
The adder bites you.
The giant gecko bites you but does no damage.
Unknown command.
Unknown command.
Unknown command.
Unknown command.
MOVING TO (-1,0)
Your resistance to elements expires.
You die...

. .# .# ##.#
#.. #.# ##.##
####r..####.#
#m.Sr.<....$#
#l##...###..#
...g.....#
#.............
#.##.#####.##..
#. #.# .# . .
#.# .. #.# ###
#.#


You could see an adder, a giant gecko, a quokka, a hobgoblin and a rat.

Table legend:
 A = Turns spent in this place as a percentage of turns spent in the entire game.
 B = Non-inter-level travel turns spent in this place as a percentage of non-inter-level travel turns spent in the entire game.
 C = Inter-level travel turns spent in this place as a percentage of turns spent in this place.
 D = Turns resting spent in this place as a percentage of non-inter-level travel turns spent in this place.
 E = Turns spent auto-exploring this place as a percentage of non-inter-level travel turns spent in this place.
 F = Non-inter-level travel turns spent in this place divided by the number of levels of this place that you've seen.
                   A       B       C       D       E      F
               +-------+-------+-------+-------+-------+----------------------
         Total | 100.0 | 100.0 |   0.1 |   0.3 |   2.8 | 606.5
       Dungeon | 100.0 | 100.0 |   0.1 |   0.3 |   2.8 | 606.5
               +-------+-------+-------+-------+-------+----------------------

Table legend:
 A = Kills in this place as a percentage of kills in entire the game.
 B = Kills by you in this place as a percentage of kills by you in the entire game.
 C = Kills by friends in this place as a percentage of kills by friends in the entire game.
 D = Other kills in this place as a percentage of other kills in the entire game.
 E = Experience gained in this place as a percentage of experience gained in the entire game.
 F = Experience gained in this place divided by the number of levels of this place that you have seen.
                   A       B       C       D       E      F
               +-------+-------+-------+-------+-------+----------------------
         Total | 100.0 | 100.0 |  -nan |  -nan | 100.0 |  25.5
       Dungeon | 100.0 | 100.0 |  -nan |  -nan | 100.0 |  25.5
               +-------+-------+-------+-------+-------+----------------------

Vanquished Creatures
  Robin (D:2)
  A bat (D:1)
  2 giant cockroaches (D:1)
  4 hobgoblins
  4 kobolds (D:1)
  A giant newt (D:1)
  7 goblins
  4 rats (D:1)
24 creatures vanquished.

Notes
Turn   | Place    | Note
--------------------------------------------------------------
     0 | D:1      | gw, the Merfolk Gladiator, began the quest for the Orb.
     0 | D:1      | Reached XP level 1. HP: 16/16 MP: 1/1
   161 | D:1      | Reached XP level 2. HP: 22/22 MP: 2/2
   283 | D:1      | Reached skill level 5 in Polearms
   698 | D:2      | Noticed Robin
   713 | D:2      | Reached XP level 3. HP: 7/27 MP: 3/3
   716 | D:2      | Killed Robin
   720 | D:2      | HP: 1/28 [adder (3)]
   721 | D:2      | Succumbed to an adder's poison

Action                   || total
-------------------------++-------
Melee: Trident           ||    50
Throw: Stone             ||    11
  Use: Scroll            ||     4
       Potion            ||     1

Vault maps used:
D:1:      matt_arrival_los_fun
D:2:      first_bread, uniq_robin, uniq_iyjb
